 Dungeon Crawl Stone Soup version 0.31-a0-236-g9a0961fb85 (webtiles) character file.

Game seed: 5452970207094549573

13512 juan097 the Basher (level 12, -3/85 (87) HPs)
             Began as a Formicid Fighter on July 10, 2023.
             Was an Elder of Hepliaklqana.
             Killed by the air
             ... invoked by Gastronok
              (29 damage)
             ... on level 1 of the Lair of Beasts.
             The game lasted 00:29:32 (12243 turns).

juan097 the Basher (Formicid Fighter)              Turns: 12243, Time: 00:29:33

HP:   -3/85 (87)    AC:  8    Str: 26    XL:     12   Next: 33%
MP:   14/14         EV: 12    Int:  8    God:    Hepliaklqana [****..]
Gold: 737           SH: 10    Dex: 13    Spells: 11/11 levels left

rFire   + . .        b - +2 flail (heavy)
rCold   . . .        c - +0 buckler
rNeg    . . .        L - +0 ring mail {rF+}
rPois   .            (helmet unavailable)
rElec   .            x - +1 cloak
rCorr   .            (no gloves)
SInv    +            (no boots)
Will    +....        B - amulet of reflection
Stlth   ++           k - ring of flight
HPRegen 0.34/turn    (no ring)
MPRegen 0.14/turn

%: reflection
@: flying, lightly drained
A: reduced essence, permanent stasis, dig shafts and tunnels, antennae 3, four
strong arms
a: Dig, Shaft Self, Renounce Religion, Recall Ancestor, Ancestor Identity,
Transference, Idealise


You were on level 1 of the Lair of Beasts.
You worshipped Hepliaklqana.
Hepliaklqana was greatly pleased with you.
You visited 3 branches of the dungeon, and saw 12 of its levels.
You also visited: Sewer and Ossuary.

You collected 737 gold pieces.

Inventory:

Hand Weapons
 a - a +3 whip of electrocution
 b - a +2 heavy flail (weapon)
Missiles
 l - a curare-tipped dart
 r - 5 silver javelins
 u - 47 poisoned darts
 A - 7 boomerangs (quivered)
Armour
 c - a +0 buckler (worn)
 x - a +1 cloak (worn)
 L - a +0 ring mail of fire resistance (worn)
Jewellery
 j - a ring of ice
 k - a ring of flight (left hand)
 B - an amulet of reflection (around neck)
 J - the amulet "Bukhloco" {Faith Str+5}
   (You found it on level 9 of the Dungeon)

   [amulet of faith]

   It allows you to gain divine favour quickly.
   Str:       It affects your strength (+5).
Wands
 i - a wand of digging (19)
 p - a wand of flame (21)
 s - a wand of iceblast (8)
 K - a wand of charming (10)
Scrolls
 e - 5 scrolls of enchant armour
 f - 2 scrolls of enchant weapon
 h - a scroll of immolation
 m - 2 scrolls of vulnerability
 o - a scroll of butterflies
 y - a scroll of torment
 z - a scroll of fog
 E - a scroll of identify
 F - a scroll of fear
 I - a scroll of revelation {unknown}
Potions
 d - 2 potions of might
 g - a potion of lignification
 n - 2 potions of heal wounds
 q - 3 potions of attraction
 t - a potion of mutation
 v - 5 potions of enlightenment
 w - a potion of cancellation
 C - 4 potions of ambrosia
 D - 4 potions of curing
 G - a potion of resistance


   Skills:
 + Level 10.2 Fighting
 - Level 14.0 Maces & Flails
 - Level 4.0 Throwing
 + Level 6.3 Armour
 + Level 3.4 Dodging
 - Level 4.0 Stealth
 + Level 6.5 Shields
 * Level 3.0 Invocations
 - Level 2.0 Evocations


You had 11 spell levels left.
You didn't know any spells.
Your spell library contained the following spells:

 Spells                   Type           Power      Damage    Failure   Level
 Magic Dart               Conj           0%         1d3       58%         1
 Call Imp                 Summ           0%         N/A       73%         2
 Lesser Beckoning         Tloc           0%         N/A       73%         2
 Gell's Gravitas          Tloc           0%         N/A       91%         3
 Mephitic Cloud           Conj/Pois/Air  0%         N/A       91%         3
 Teleport Other           Tloc           0%         N/A       91%         3
 Passage of Golubria      Tloc           0%         N/A       100%        4
 Silence                  Hex/Air        0%         N/A       100%        5
 Dispersal                Tloc           0%         N/A       100%        6
 Lehudib's Crystal Spear  Conj/Erth      0%         10d2      100%        8


Dungeon Overview and Level Annotations

Branches:
Dungeon (10/15)            Temple (1/1) D:6            Lair (1/5) D:8
    Orc (0/2) D:10          Sewer (visited)         Ossuary (visited)

Altars:
Ashenzari
Cheibriados
Dithmenos
Elyvilon
Fedhas
Gozag
Hepliaklqana
Kikubaaqudgha
Makhleb
Nemelex Xobeh
Okawaru
Qazlal
Ru
Sif Muna
Trog
Uskayaw
Vehumet
Wu Jian
Xom
Yredelemnul
Zin
The Shining One
Lugonu

Annotations:
D:8 2 transporters
Lair:1 Gastronok


Innate Abilities, Weirdness & Mutations

Your life essence is reduced to manifest your ancestor. (-10% HP)
You cannot be hasted, slowed, berserked, paralysed or teleported.
You can dig through walls and to a lower floor.
You have a pair of large antennae on your head. (SInv)
Your four strong arms can wield two-handed weapons with a shield.


Message History

Found 7 stones.
Gastronok is nearby!
Found 14 gold pieces.
You now have 737 gold pieces (gained 14).
Your +3 whip of electrocution stops crackling.
b - a +2 heavy flail (weapon)
You extend your mandibles.
You dig through the rock wall.
You feel drained.
Found 14 gold pieces.
Gastronok gurgles horribly!
You retract your mandibles.
You barely miss Gastronok. Gastronok bites you!!
You hit Gastronok.
Gastronok is lightly wounded.
You hit Gastronok.
Gastronok is lightly wounded.
Gastronok glows a brilliant shade of cerise.
You bludgeon Gastronok!!
Gastronok is lightly wounded.
You sock Gastronok!
Gastronok is moderately wounded.
Gastronok mumbles some strange words.
Gastronok puts on a burst of speed!
You sock Gastronok!
Gastronok is moderately wounded.
Ferran points at Gastronok and mumbles some strange words.
The puff of frost hits Gastronok.
You hit Gastronok.
Gastronok is moderately wounded.
Gastronok bites you!
You hit Gastronok.
Gastronok is heavily wounded.
You bludgeon Gastronok!!
Gastronok is severely wounded.
Gastronok bites you!!
You bludgeon Gastronok!!
Gastronok is severely wounded.
You bludgeon Gastronok!!
Gastronok is almost dead.
Gastronok waves his eye-stalks in wide circles.
The air twists around and strikes you!!
You die...

#... ... .## .###.$# .P ......
..# #.... ...# #.... ...#
#....##########...##
###...w@R...#........##
.......#..............#
..............#..............#
........###..>...............##
......... #.................##
........#.#.........(......##
...[......................##
........#####..##........##
........#.###...#....###.#


You could see the friendly Ferran the battlemage and Gastronok (swift, ally
target).

Vanquished Creatures
  Erica (Lair:1)
  Joseph (Lair:1)
  A gargoyle (D:10)
  A cane toad (Lair:1)
  A troll (D:10)
  Grinder (D:3)
  2 blink frogs (Lair:1)
  Sigmund (D:6)
  Eustachio (D:4)
  11 yaks
  Menkaure (D:4)
  Edmund (D:5)
  4 steam dragons (D:8)
  6 water moccasins
  Duvessa (D:5)
  2 ice beasts
  3 orc warriors
  3 sky beasts
  2 black bears
  2 ogres (D:6)
  3 wolves (Lair:1)
  A phantom (D:7)
  2 centaurs
  2 kobold brigands
  7 bullfrogs
  5 scorpions
  2 water moccasin zombies (Ossuary)
  8 wights
  Dowan (D:5)
  9 killer bees
  2 jellies (D:7)
  6 hounds
  4 orc priests
  3 iguanas
  4 sleepcaps
  Jessica (D:3)
  Ijyb (D:3)
  6 orc wizards
  2 mummies (Ossuary)
  Robin (D:3)
  2 gnolls (D:8)
  4 river rats (Sewer)
  18 adders
  A white imp (D:6)
  2 adder zombies (Ossuary)
  5 worms
  14 dart slugs
  23 orcs
  12 bats
  4 endoplasms
  6 giant cockroaches
  A gnoll zombie (Ossuary)
  15 goblins
  10 hobgoblins
  14 jackals
  17 kobolds
  3 quokkas
  15 ball pythons
  3 frilled lizards
  10 hobgoblin zombies (Ossuary)
  6 kobold zombies (Ossuary)
  4 orc zombies (Ossuary)
  5 rats
310 creatures vanquished.

Vanquished Creatures (collateral kills)
  A troll (D:10)
  A blink frog (Lair:1)
  A wyvern (D:9)
  A shadow (D:10)
  7 yaks
  A steam dragon (D:8)
  A water moccasin (D:7)
  5 orc warriors
  2 sky beasts
  2 wolves (Lair:1)
  A centaur (D:10)
  A gnoll sergeant (D:8)
  2 killer bees (D:8)
  3 orc priests
  2 orc wizards
  3 gnolls (D:8)
  10 orcs
  2 kobolds (D:8)
  A butterfly (Lair:1)
47 creatures vanquished.

Vanquished Creatures (others)
  4 battlemagi
4 creatures vanquished.

Grand Total: 361 creatures vanquished

Notes
Turn   | Place    | Note
-------+----------+-------------------------------------------
     0 | D:1      | juan097 the Formicid Fighter began the quest for the Orb.
     0 | D:1      | Reached XP level 1. HP: 18/18 MP: 1/1
    83 | D:1      | Reached XP level 2. HP: 24/24 MP: 2/2
   159 | D:1      | Reached skill level 1 in Stealth
   406 | D:1      | Reached XP level 3. HP: 29/29 MP: 3/3
  1069 | D:2      | Reached XP level 4. HP: 36/37 MP: 4/4
  1140 | D:2      | Found a shimmering altar of Xom.
  1157 | D:2      | Reached skill level 3 in Maces & Flails
  1648 | D:2      | Reached XP level 5. HP: 31/42 MP: 5/5
  1754 | D:3      | Noticed Jessica
  1757 | D:3      | Killed Jessica
  1786 | D:3      | Noticed Ijyb
  1802 | D:3      | Killed Ijyb
  1803 | D:3      | Reached skill level 5 in Shields
  1874 | D:3      | Noticed Robin
  1905 | D:3      | Killed Robin
  1920 | D:3      | Reached XP level 6. HP: 33/48 MP: 6/6
  1970 | D:3      | Found a glowing drain.
  2000 | D:3      | Reached skill level 4 in Maces & Flails
  2016 | Sewer    | Entered a sewer
  3060 | D:3      | Noticed Grinder
  3076 | D:3      | Killed Grinder
  3077 | D:3      | Reached skill level 5 in Maces & Flails
  3077 | D:3      | Reached XP level 7. HP: 37/55 MP: 7/7
  3474 | D:4      | Found a white marble altar of Elyvilon.
  3494 | D:4      | Reached skill level 5 in Fighting
  3719 | D:4      | Reached XP level 8. HP: 55/62 MP: 8/8
  3748 | D:4      | Found a sand-covered staircase.
  3751 | D:4      | Noticed Eustachio
  3767 | D:4      | Killed Eustachio
  3768 | D:4      | Reached skill level 6 in Maces & Flails
  3789 | D:4      | Noticed Menkaure
  3800 | D:4      | Killed Menkaure
  3804 | Ossuary  | Entered an ossuary
  3857 | Ossuary  | Reached skill level 7 in Maces & Flails
  4346 | D:4      | Reached skill level 8 in Maces & Flails
  4354 | D:4      | HP: 3/64 [poisoned by a water moccasin]
  4694 | D:5      | Entered Level 5 of the Dungeon
  4721 | D:5      | Reached XP level 9. HP: 61/69 MP: 9/9
  4747 | D:5      | Noticed Duvessa
  4771 | D:5      | Noticed Dowan
  4784 | D:5      | Killed Duvessa
  4795 | D:5      | Killed Dowan
  4899 | D:5      | Reached skill level 9 in Maces & Flails
  5041 | D:5      | Noticed Edmund
  5058 | D:5      | Killed Edmund
  5333 | D:5      | Reached skill level 1 in Throwing
  5864 | D:6      | Reached skill level 10 in Maces & Flails
  6034 | D:6      | Noticed Sigmund
  6048 | D:6      | Killed Sigmund
  6458 | D:6      | Reached XP level 10. HP: 79/79 MP: 10/10
  6639 | D:6      | Found a staircase to the Ecumenical Temple.
  6651 | Temple   | Entered the Ecumenical Temple
  6651 | Temple   | Found a transporter.
  6651 | Temple   | Found a transporter.
  6674 | Temple   | Found a transporter.
  6674 | Temple   | Found a transporter.
  6706 | Temple   | Became a worshipper of Hepliaklqana the Forgotten
  6933 | D:7      | Reached skill level 1 in Evocations
  6940 | D:7      | Reached skill level 1 in Dodging
  7343 | D:7      | Reached * piety under Hepliaklqana
  8280 | D:8      | Reached ** piety under Hepliaklqana
  8281 | D:8      | Remembered your ancestor Ferran as a battlemage
  8392 | D:8      | You are sucked into a shaft and drop 1 floor!
  8671 | D:8      | Reached skill level 5 in Armour
  8708 | D:8      | You are sucked into a shaft and drop 2 floors!
  8708 | D:10     | Entered Level 10 of the Dungeon
  8937 | D:10     | Noticed a gargoyle
  8963 | D:10     | Killed a gargoyle
  8964 | D:10     | Reached XP level 11. HP: 44/80 MP: 11/11
  9231 | D:10     | Found a staircase to the Orcish Mines.
  9272 | D:10     | Reached skill level 11 in Maces & Flails
  9459 | D:10     | Reached *** piety under Hepliaklqana
  9492 | D:10     | Noticed a two-headed ogre
  9695 | D:10     | Reached skill level 10 in Fighting
 10458 | D:9      | Reached skill level 12 in Maces & Flails
 10495 | D:9      | Identified the amulet "Bukhloco" {Faith Str+5}
 10836 | D:8      | Reached skill level 13 in Maces & Flails
 10867 | D:8      | Found a corrupted altar of Lugonu.
 11140 | D:8      | Found a transporter.
 11142 | D:8      | Noticed a red ugly thing
 11151 | D:8      | Noticed a cyan ugly thing
 11151 | D:8      | Noticed a green ugly thing
 11154 | D:8      | Found a transporter.
 11208 | D:8      | Reached XP level 12. HP: 77/87 MP: 12/12
 11345 | D:8      | Found an ancient bone altar of Kikubaaqudgha.
 11345 | D:8      | Found a hide-covered altar of Uskayaw.
 11386 | D:8      | Found a staircase to the Lair.
 11676 | D:10     | Noticed a two-headed ogre
 11731 | Lair:1   | Entered Level 1 of the Lair of Beasts
 11741 | Lair:1   | Noticed Erica
 11756 | Lair:1   | Killed Erica
 11933 | Lair:1   | Reached **** piety under Hepliaklqana
 11936 | Lair:1   | Reached skill level 14 in Maces & Flails
 11962 | Lair:1   | Noticed Joseph
 11990 | Lair:1   | Reached skill level 1 in Invocations
 11991 | Lair:1   | Killed Joseph
 12209 | Lair:1   | Noticed Gastronok
 12243 | Lair:1   | Killed from afar by Gastronok

Illustrated notes

Levels and vault maps discovered:
D:1:      minmay_arrival_semitransparent, layout_basic
D:2:      layout_loops_ring, basic_altar
D:3:      kennysheep_slugbush, layout_basic, gup_sewer_entry_glass, uniq_robin,
          uniq_ijyb, uniq_grinder, uniq_jessica
D:4:      layout_basic, elyvilon_altar_1, enter_ossuary_1, uniq_menkaure,
          uniq_eustachio
D:5:      minmay_general_purpose_star, layout_basic, minmay_crystal_room,
          serial_bayou_ford_a, uniq_edmund, uniq_duvessa
D:6:      layout_basic, minmay_temple_entry_proselytizer, uniq_sigmund
D:7:      layout_layer_cave
D:8:      gammafunk_corrupted_shrine, layout_gridville,
          gammafunk_temple_overflow_elements, grunt_lair_entry_orc_guard_hut,
          hex_medium, hangedman_misty_isle
D:9:      layout_rooms
D:10:     layout_basic, david_orc_5
Temple:   hellmonk_temple_divided_pantheon
Lair:1:   layout_gridlike, dreamdust_deal_with_the_devil, lemuel_fruit_tree,
          lemuel_fruit_fields, infiniplex_staircase_pool_2, uniq_gastronok,
          uniq_erica, uniq_joseph

Skill      XL: |  1  2  3  4  5  6  7  8  9 10 11 12 |
---------------+-------------------------------------+-----
Stealth        | 1 2 4 |  4.0
Maces & Flails | 3 5 8 10 13 14 | 14.0
Fighting       | 4 5 6 7 9 10 | 10.2
Shields        | 5 6 |  6.5
Throwing       | 4 |  4.0
Evocations     | 2 |  2.0
Dodging        | 3 |  3.4
Armour         | 5 6 |  6.3
Invocations    | 3 |  3.0

Action                     |  1- 3 |  4- 6 |  7- 9 | 10-12 || total
---------------------------+-------+-------+-------+-------++-------
  Melee: Flail             |    53 |       |       |    16 ||    69
         Whip              |    19 |   295 |   366 |   498 ||  1178
  Throw: Dart              |       |       |    26 |    20 ||    46
         Boomerang         |       |       |       |    20 ||    20
 Invoke: Recall Ancestor   |       |       |       |     2 ||     2
         Ancestor Life: Ba |       |       |       |     1 ||     1
Ability: Dig               |       |     1 |       |     4 ||     5
         Shaft Self        |       |       |       |     2 ||     2
  Evoke: Wand              |       |       |       |     2 ||     2
    Use: Potion            |       |     2 |     2 |       ||     4
         Scroll            |       |       |    12 |     5 ||    17
   Stab: Sleeping          |       |       |     1 |       ||     1
         Distracted        |       |       |       |     7 ||     7
 Armour: Scale mail        |    27 |    99 |    70 |    30 ||   226
         Steam dragon scal |       |       |       |    30 ||    30
         Ring mail         |       |       |       |    12 ||    12
  Dodge: Dodged            |    32 |   126 |    87 |   140 ||   385
  Block: Buckler           |    14 |    62 |    93 |   164 ||   333
         Reflection        |       |       |     2 |     7 ||     9

Table legend: (Time is in decaauts)
 A = Elapsed time spent in this place.
 B = Non-inter-level travel time spent in this place.
 C = Inter-level travel time spent in this place.
 D = Time resting spent in this place.
 E = Time spent auto-exploring this place.
 F = Levels seen in this place.
 G = Mean time per level.
                   A        B        C        D        E       F      G
               +--------+--------+--------+--------+--------+-----+--------+
         Total |  11924 |  11629 |    295 |    204 |   8509 |  14 |  851.7 |
       Dungeon |  10336 |  10049 |    287 |    204 |   7435 |  10 | 1033.6 |
        Temple |     70 |     63 |      7 |      0 |     27 |   1 |   70.0 |
          Lair |    491 |    491 |      0 |      0 |    347 |   1 |  491.0 |
         Sewer |    822 |    822 |      0 |      0 |    610 |   1 |  822.0 |
       Ossuary |    203 |    203 |      0 |      0 |     90 |   1 |  203.0 |
               +--------+--------+--------+--------+--------+-----+--------+

Top non-repeatable levels by time:
    D:10: 1530 daAuts
     D:7: 1257 daAuts
     D:5: 1087 daAuts
     D:4: 1071 daAuts
     D:8: 1035 daAuts
     D:6: 966 daAuts
     D:1: 959 daAuts
     D:9: 837 daAuts
   Sewer: 822 daAuts
     D:2: 808 daAuts
     D:3: 783 daAuts
  Lair:1: 491 daAuts
 Ossuary: 203 daAuts
  Temple: 70 daAuts
